 Dungeon Crawl Stone Soup version 0.29-a0-251-g80730f7218 (webtiles) character file.

Game seed: 16756597900932927087

9 Majang the Sneak (level 2, -3/19 HPs)
             Began as a Kobold Delver on Mar 5, 2022.
             Was an Initiate of Ru.
             Killed from afar by a white imp (7 damage)
             ... with a puff of frost
             ... on level 6 of the Dungeon.
             The game lasted 00:01:38 (116 turns).

Majang the Sneak (Kobold Delver)                     Turns: 116, Time: 00:01:38

Health: -3/19      AC:  3    Str:  9    XL:     2   Next: 20%
Magic:  2/2        EV: 14    Int: 11    God:    Ru [......]
Gold:   7          SH:  0    Dex: 16    Spells: 1/1 levels left

rFire   . . .      SeeInvis .   a - +0 short sword
rCold   . . .      Faith    .   (no shield)
rNeg    . . .      Spirit   .   b - +0 leather armour
rPois   .          Reflect  .   (no helmet)
rElec   .          Harm     .   (no cloak)
rCorr   .          Rampage  .   (no gloves)
Will    .....                   (no boots)
Stlth   ++++......              (no amulet)
HPRegen 0.06/turn               (no ring)
MPRegen 0.08/turn               (no ring)

@: hasted, very quick
A: small, no large weapons, nightstalker 3
a: Renounce Religion


You were on level 6 of the Dungeon.
You worshipped Ru.
Ru was noncommittal.
You visited 1 branch of the dungeon, and saw 2 of its levels.

You collected 7 gold pieces.

Inventory:

Hand Weapons
 a - a +0 short sword (weapon)
Armour
 b - a +0 leather armour (worn)
Wands
 g - a wand of digging (3)
Scrolls
 c - a scroll of fog
 e - a scroll of fear
 h - a scroll of identify {unknown}
Potions
 d - 2 potions of flight {unknown}


   Skills:
 + Level 3.4 Fighting
 * Level 3.0 Short Blades
 - Level 2.7 Dodging
 - Level 6.7 Stealth


You had one spell level left.
You didn't know any spells.
Your spell library was empty.

Dungeon Overview and Level Annotations

Branches:
Dungeon (5/15)
 Temple: D:4-7

Altars:
Ru


Innate Abilities, Weirdness & Mutations

You are small and have problems with some larger weapons.
You are completely attuned to the shadows.


Message History

The adder bites you but does no damage. x2
You closely miss the adder.
The adder is almost dead.
The adder misses you.
You hit the adder.
You kill the adder!
Your Short Blades skill increases to level 3!
You have reached level 2!
Unknown command.
You hear the slow hiss of a very distant avalanche of sand.
You open the door.
Found a sacrificial altar of Ru.
There is an open door here.
There is a sacrificial altar of Ru here.
You kneel at the altar of Ru.
Ru welcomes you!
There is an open door here.
h - a scroll labelled CASEVAX SUYWK You hear the slow hiss of a distant avalanche of sand.
A sourceless malevolence fills the Dungeon...
You fall into a shaft and drop 1 floor!
The shaft crumbles and collapses.
A white imp and a troll come into view.
The troll shouts!
The white imp shouts, "Disclaim thyself, thou lumpish fool-born nightsoil!"
The troll bites you. The troll closely misses you. The troll barely misses you.
The white imp gestures at you.
The puff of frost hits you but does no damage.
You hit the troll but do no damage. The troll bites you but does no damage.
The troll barely misses you. The troll misses you.
The white imp gestures at you. The puff of frost misses you.
You feel yourself speed up. The troll closely misses you. The troll misses you.
The troll claws you!
Ouch! That really hurt!
* * * LOW HITPOINT WARNING * * *
You open the door. The white imp gestures at you. The puff of frost hits you!
You die...

#....#
#....#
#..5.#
#....#
#.T..#
####@#
#P...#
#...P#
#P...#
#...P#


You could see a troll and a white imp.

Vanquished Creatures
  An adder (D:5)
1 creature vanquished.

Notes
Turn   | Place    | Note
-------+----------+-------------------------------------------
     0 | D:5      | Majang the Kobold Delver began the quest for the Orb.
     0 | D:5      | Reached XP level 1. HP: 14/14 MP: 1/1
    31 | D:5      | Reached XP level 2. HP: 19/19 MP: 2/2
    54 | D:5      | Found a sacrificial altar of Ru.
    57 | D:5      | Became a worshipper of Ru the Awakened
   109 | D:5      | You fall into a shaft and drop 1 floor!
   109 | D:6      | Noticed a troll
   116 | D:6      | Killed from afar by a white imp

Illustrated notes

Levels and vault maps discovered:
D:5:      layout_loops_ring, lemuel_doored_altar,
          nicolae_ossuary_entry_false_entrances
D:6:      minmay_klotski, layout_rooms, serial_shops, shop, uniq_sigmund

Skill      XL: |  1 |
---------------+----+-----
Short Blades   | 3 |  3.0
Fighting       | |  3.4
Dodging        | |  2.7
Stealth        | |  6.7

Action                   || total
-------------------------++-------
Melee: Short sword       ||    14
  Use: Scroll            ||     1
       Potion            ||     1
Armor: Leather armour    ||     8
Dodge: Dodged            ||    16

Table legend: (Time is in decaauts)
 A = Elapsed time spent in this place.
 B = Non-inter-level travel time spent in this place.
 C = Inter-level travel time spent in this place.
 D = Time resting spent in this place.
 E = Time spent auto-exploring this place.
 F = Levels seen in this place.
 G = Mean time per level.
                   A        B        C        D        E       F      G
               +--------+--------+--------+--------+--------+-----+--------+
         Total |    114 |    114 |      0 |      0 |      0 |   2 |   57.0 |
       Dungeon |    114 |    114 |      0 |      0 |      0 |   2 |   57.0 |
               +--------+--------+--------+--------+--------+-----+--------+

Top non-repeatable levels by time:
     D:5: 108 daAuts
     D:6: 6 daAuts
